 Dungeon Sprint DCSS version 0.17.0-24-gcfadda4 (webtiles) character file.

259 George the Ruffian (level 5, 0/61 HPs)
             Began as a Troll Berserker on Nov 15, 2015.
             Was an Elder of Trog.
             Slain by an orc warrior
             ... wielding a +5 war axe of freezing
              (27 damage)
             ... in the Dungeon (Sprint IX: "|||||||||||||||||||||||||||||").
             The game lasted 00:01:09 (166 turns).

George the Ruffian (Troll Berserker)                 Turns: 166, Time: 00:01:09

Health: 0/61       AC:  5    Str: 32    XL:     5   Next: 94%
Magic:  4/4        EV: 11    Int:  3    God:    Trog [****..]
Gold:   0          SH:  0    Dex:  9    Spells: 0 memorised, 4 levels left

rFire  . . .     SeeInvis .       - Unarmed
rCold  . . .     Clarity  .     a - +0 animal skin
rNeg   . . .     SustAt   .     (no shield)
rPois  .         Gourm    +     (helmet restricted)
rElec  .         Spirit   .     (no cloak)
rCorr  .         Warding  .     (gloves unavailable)
rMut   .         NoTele   +     (boots unavailable)
MR     .....                    (no amulet)
Stlth  +.........               o - +3 ring of strength
                                n - +3 ring of strength

@: exhausted, slowed, very slow, not resistant to hostile enchantments, very
unstealthy
A: unfitting armour, claws 3, fast metabolism 3, gourmand, regeneration 2,
shaggy fur 1, tough skin 2
a: Berserk, Trog's Hand, Brothers in Arms, Burn Spellbooks, Renounce Religion


You were in the Dungeon.
You worshipped Trog.
Trog was greatly pleased with you.
You were very full.

You visited 1 branch

Inventory:

Hand Weapons
 m - a +2 dire flail of protection
Armour
 a - a +0 animal skin (worn)
Jewellery
 n - a +3 ring of strength (left claw)
 o - a +3 ring of strength (right claw)
Wands
 l - a wand of fire (7)
Scrolls
 h - 2 scrolls of blinking
 k - 3 scrolls of remove curse
Potions
 c - 5 potions of curing
 d - a potion of heal wounds
 e - a potion of haste
 f - 4 potions of magic
 g - a potion of berserk rage
 j - a potion of invisibility
Comestibles
 b - 2 bread rations
 i - a chunk of flesh


   Skills:
 + Level 6.5 Fighting
 + Level 6.4 Dodging
 + Level 7.7 Unarmed Combat


You had 4 spell levels left.
You didn't know any spells.

Dungeon Overview and Level Annotations

Branches:
Dungeon (1/1)

Altars:
Cheibriados
Dithmenos
Elyvilon
Fedhas
Gozag
Kikubaaqudgha
Makhleb
Nemelex Xobeh
Okawaru
Qazlal
Ru
Sif Muna
Trog
Vehumet
Xom
Yredelemnul
Zin
The Shining One
Beogh
Jiyva
Lugonu


Innate Abilities, Weirdness & Mutations

You are too large for most types of armour.
You have claws for hands.
Your metabolism is lightning-fast.
You like to eat raw meat.
You heal very quickly.
You are covered in fur (AC +1).
You have very tough skin (AC +2).


Message History

You barely miss the orc warrior.
Your skin stops crawling.
You feel less resistant to hostile enchantments.
The orc warrior misses you.
You scratch the orc warrior.
The orc warrior is lightly wounded.
The orc warrior hits you with a war axe of freezing!!
* * * LOW HITPOINT WARNING * * *
The orc warrior freezes you.
* * * LOW HITPOINT WARNING * * *
Drink which item? (? for menu, Esc to quit)
You feel much better.
The orc warrior hits you with a war axe of freezing!!
* * * LOW HITPOINT WARNING * * *
The orc warrior freezes you!
* * * LOW HITPOINT WARNING * * *
Drink which item? (? for menu, Esc to quit)
You feel much better.
The orc warrior hits you with a war axe of freezing!!
You die... ▓▓▓▓▓▓▓▓▓▓▓▓▓▓▓▓▓▓▓▓▓▓▓▓ ......o@.[[[)|?.'_______ ▓▓▓▓▓▓▓▓▓▓▓▓▓▓▓▓▓▓▓▓▓▓▓▓

You could see an orc warrior.

Vanquished Creatures
  A hippogriff (D)
  An orc warrior (D)
  3 adders (D)
  3 adder zombies (D)
  An orc (D)
  A hobgoblin (D)
  2 goblins (D)
  A jackal zombie (D)
  2 kobolds (D)
15 creatures vanquished.

Notes
Turn   | Place    | Note
--------------------------------------------------------------
     0 | D        | George the Troll Berserker began the quest for the Orb.
     0 | D        | Reached XP level 1. HP: 22/22 MP: 0/0
    11 | D        | Reached ** piety under Trog
    17 | D        | Banished a spatial maelstrom
    56 | D        | Reached *** piety under Trog
    56 | D        | Reached XP level 2. HP: 20/31 MP: 1/1
    67 | D        | Reached skill level 4 in Unarmed Combat
    96 | D        | Found a glowing silver altar of Zin.
    96 | D        | Found a glowing golden altar of the Shining One.
    96 | D        | Found an ancient bone altar of Kikubaaqudgha.
    96 | D        | Found a basalt altar of Yredelemnul.
    96 | D        | Found a shimmering altar of Xom.
    96 | D        | Found a radiant altar of Vehumet.
    97 | D        | Found an iron altar of Okawaru.
    98 | D        | Found a burning altar of Makhleb.
    99 | D        | Found a deep blue altar of Sif Muna.
   100 | D        | Found a bloodstained altar of Trog.
   101 | D        | Found a sparkling altar of Nemelex Xobeh.
   102 | D        | Found a white marble altar of Elyvilon.
   103 | D        | Found a roughly hewn altar of Beogh.
   104 | D        | Found a viscous altar of Jiyva.
   105 | D        | Found a corrupted altar of Lugonu.
   106 | D        | Found a blossoming altar of Fedhas.
   107 | D        | Found a snail-covered altar of Cheibriados.
   108 | D        | Found a shadowy altar of Dithmenos.
   109 | D        | Found a stormy altar of Qazlal.
   110 | D        | Found an opulent altar of Gozag.
   111 | D        | Found a sacrificial altar of Ru.
   140 | D        | Noticed an orc warrior
   140 | D        | Noticed an orc warrior
   140 | D        | Noticed a hippogriff
   145 | D        | Reached XP level 3. HP: 39/39 MP: 2/2
   158 | D        | Killed a hippogriff
   158 | D        | Received a gift from Trog
   158 | D        | Reached skill level 5 in Fighting
   158 | D        | Reached skill level 5 in Dodging
   158 | D        | Reached skill level 6 in Unarmed Combat
   158 | D        | Reached XP level 4. HP: 26/52 MP: 3/3
   158 | D        | Reached XP level 5. HP: 29/59 MP: 4/4
   160 | D        | Killed an orc warrior
   160 | D        | Reached **** piety under Trog
   160 | D        | Reached skill level 7 in Unarmed Combat
   165 | D        | HP: 1/61 [orc warrior/war axe of freezing (9)]
   166 | D        | Slain by an orc warrior

Action                   |  1- 3 |  4- 6 || total
-------------------------+-------+-------++-------
Melee: Unarmed           |    47 |     6 ||    53
Invok: Berserk           |     1 |       ||     1
       Trog's Hand       |     1 |       ||     1
  Use: Potion            |       |     2 ||     2
  Eat: Chunk             |     6 |       ||     6
